 Dungeon Crawl Stone Soup version 0.28-a0-1199-gef9e1dbd39 (webtiles) character file.

Game seed: 11109543892519523356

100 ChaosChampion the Insei (level 4, -2/35 HPs)
             Began as a Draconian Transmuter on Dec 19, 2021.
             Slain by a wraith (11 damage)
             ... in an ossuary.
             The game lasted 00:03:17 (3219 turns).

ChaosChampion the Insei (Draconian Transmuter)      Turns: 3219, Time: 00:03:18

Health: -2/35      AC:  7    Str: 12    XL:     4   Next: 47%
Magic:  5/7        EV: 12    Int: 15    God:
Gold:   166        SH:  0    Dex: 12    Spells: 1/7 levels left

rFire   . . .      SeeInvis .     - Unarmed
rCold   . . .      Faith    .   (no shield)
rNeg    . . .      Spirit   .   (armour unavailable)
rPois   .          Reflect  .   (helmet currently unavailable)
rElec   .          Harm     .   c - +1 cloak
rCorr   .          Rampage  .   (no gloves)
Will    .....                   (boots currently unavailable)
Stlth   +.........              (no amulet)
HPRegen 0.11/turn               (no ring)
MPRegen 0.10/turn               (no ring)

@: appendages, wereblooded
A: horns 2, talons 2, AC +5, unfitting armour, cold-blooded
a: End Transformation


You were in an ossuary.
You had temporarily grown beastly horns and talons.
You visited 1 branch of the dungeon, and saw 4 of its levels.
You also visited: Ossuary.

You collected 166 gold pieces.

Inventory:

Missiles
 b - 2 throwing nets
Armour
 c - a +1 cloak (worn)
 g - a +0 pair of boots
Jewellery
 n - a ring of positive energy
Scrolls
 f - 3 scrolls of identify
 k - a scroll of teleportation
 m - a scroll of enchant weapon {unknown}
Potions
 a - a potion of ambrosia {unknown}
 d - a potion of heal wounds {unknown}
 e - a potion of haste
 h - 2 potions of curing {unknown}
 i - a potion of invisibility {unknown}
 j - a potion of mutation {unknown}
 l - a potion of attraction {unknown}


   Skills:
 + Level 1.1 Fighting
 + Level 1.8 Dodging
 * Level 5.2 Unarmed Combat
 - Level 2.0 Spellcasting
 + Level 2.0 Transmutations


You had one spell level left.
You knew the following spells:

 Your Spells              Type           Power      Damage    Failure   Level
a - Beastly Appendage     Tmut           14%        N/A       10%         1
b - Wereblood             Tmut           7%         N/A       14%         2
c - Spider Form           Tmut/Pois      4%         N/A       41%         3

Your spell library contained the following spells:

 Spells                   Type           Power      Damage    Failure   Level
 Ice Form                 Ice/Tmut       4%         N/A       82%         4
 Animate Dead             Necr           0%         N/A       91%         4
 Borgnjor's Vile Clutch   Necr/Erth      0%         N/A       99%         5
 Death Channel            Necr           0%         N/A       100%        6


Dungeon Overview and Level Annotations

Branches:
Dungeon (4/15)            Ossuary (1/1)
 Temple: D:4-7

Altars:


Innate Abilities, Weirdness & Mutations

You have temporarily grown beastly horns and talons.
Your plain brown scales are hard. (AC +5)
You cannot fit into any form of body armour.
You are cold-blooded and may be slowed by cold attacks.


Message History

There is an open door here.
Casting: Beastly Appendage (safe; 10% risk of failure)
Confirm with . or Enter, or press ? or * to list all spells.
You grow a pair of large bovine horns.
Your feet morph into talons.
Casting: Beastly Appendage (safe; 10% risk of failure)
Confirm with . or Enter, or press ? or * to list all spells.
Your blood is infused with primal strength.
You hit the orc skeleton. Your kick misses the orc skeleton.
Your tail-slap misses the orc skeleton.
The orc skeleton is heavily damaged.
You are too injured to fight recklessly!
You punch the orc skeleton!
You feel a bit better.
You destroy the orc skeleton!
You punch the gnoll skeleton! You headbutt the gnoll skeleton!
You feel a bit better.
You destroy the gnoll skeleton!
Your extra speed is starting to run out.
You howl as the wereblood boils in your veins!
You punch the orc skeleton!
You feel a bit better.
You destroy the orc skeleton!
The orc skeleton closely misses you.
The orc skeleton hits you but does no damage.
There is an open door here.
You hit the orc skeleton. You claw the orc skeleton.
You feel a bit better.
You destroy the orc skeleton!
You hit the orc skeleton. You claw the orc skeleton.
You tail-slap the orc skeleton.
The orc skeleton is almost destroyed.
You hit the orc skeleton.
You feel a bit better.
You destroy the orc skeleton!
You hit the wraith but do no damage. Your kick misses the wraith.
You headbutt the wraith, but do no damage.
The wraith is moderately damaged.
You feel yourself slow down. The wraith hits you.
* * * LOW HITPOINT WARNING * * *
You closely miss the wraith. You claw the wraith.
The wraith is moderately damaged.
The wraith hits you!
You die...

#######################
#......................
#.∩....................
#.......#####+#####....
#.....W##.........##...
#.....##...# #...##..
#....##...##...##...##.
#...Z#...# .!??.##...#.
#...ZW@..# ??!!?.'...'.
#....#...# ..??.##...#.
#....##...##...##...##.
#..... #...#####...##..
#..... #.... ....##...
#..Z.. ####+#####....
#.∩.... ...... #....
....... #######


You could see a wraith and 2 orc skeletons.

Vanquished Creatures
  4 adders (D:2)
  A worm (D:2)
  4 ball pythons
  4 endoplasms
  A giant cockroach (D:1)
  3 goblins
  6 hobgoblins
  4 jackals (D:2)
  8 kobolds
  2 quokkas (D:2)
  2 bats
  2 frilled lizards (D:3)
  3 gnoll skeletons (Ossuary)
  2 goblin zombies (D:4)
  A kobold skeleton (Ossuary)
  9 orc skeletons (Ossuary)
  6 rats
62 creatures vanquished.

Notes
Turn   | Place    | Note
-------+----------+-------------------------------------------
     0 | D:1      | ChaosChampion the Draconian Transmuter began the quest for
                  | the Orb.
     0 | D:1      | Reached XP level 1. HP: 16/16 MP: 3/3
   210 | D:1      | Found a faded altar of an unknown god.
   837 | D:1      | Reached XP level 2. HP: 23/23 MP: 3/5
  1261 | D:2      | Reached skill level 4 in Unarmed Combat
  1288 | D:1      | Learned a level 2 spell: Wereblood
  1648 | D:2      | Reached XP level 3. HP: 28/28 MP: 3/6
  2120 | D:2      | Reached skill level 5 in Unarmed Combat
  2120 | D:2      | Reached XP level 4. HP: 32/35 MP: 5/7
  3075 | D:4      | Found a sand-covered staircase.
  3102 | D:4      | Learned a level 3 spell: Spider Form
  3110 | Ossuary  | Entered an ossuary
  3110 | Ossuary  | Noticed a wraith
  3110 | Ossuary  | Noticed a wraith
  3110 | Ossuary  | Noticed a wraith
  3167 | Ossuary  | Noticed a wraith
  3180 | Ossuary  | HP: 1/35 [wraith (9)]
  3219 | Ossuary  | Slain by a wraith

Illustrated notes

Levels and vault maps discovered:
D:1:      dpeg_arrival_pond, layout_basic,
          hellmonk_ecumenical_altar_heavens_door, minmay_door_square
D:2:      layout_basic
D:3:      layout_rooms, serial_rivers, chequers_serial_rivers_micro_d,
          chequers_serial_rivers_marsh, chequers_serial_rivers_micro_a,
          chequers_serial_rivers_micro_b
D:4:      layout_cave_pods, overflow_temple_1_default, led_xom_imps,
          enter_ossuary_4, nicolae_stop_n_shop_1, hex_medium
Ossuary:  ossuary_due_mausoleum

Skill      XL: |  1  2  3 |
---------------+----------+-----
Unarmed Combat | 4 5 |  5.2
Fighting       | |  1.1
Dodging        | |  1.8
Spellcasting   | |  2.0
Transmutations | |  2.0

Action                   |  1- 3 |  4- 6 || total
-------------------------+-------+-------++-------
Melee: Unarmed           |    91 |    54 ||   145
       Kick              |    17 |     9 ||    26
       Headbutt          |    14 |     6 ||    20
       Tailslap          |     5 |     5 ||    10
       Punch             |     2 |       ||     2
 Cast: Beastly Appendage |    23 |    15 ||    38
       Wereblood         |     3 |     3 ||     6
  Use: Scroll            |       |     3 ||     3
       Potion            |       |     1 ||     1
Armor: Skin              |    36 |    17 ||    53
Dodge: Dodged            |    91 |    23 ||   114

Table legend: (Time is in decaauts)
 A = Elapsed time spent in this place.
 B = Non-inter-level travel time spent in this place.
 C = Inter-level travel time spent in this place.
 D = Time resting spent in this place.
 E = Time spent auto-exploring this place.
 F = Levels seen in this place.
 G = Mean time per level.
                   A        B        C        D        E       F      G
               +--------+--------+--------+--------+--------+-----+--------+
         Total |   3210 |   3090 |    120 |    359 |   2301 |   5 |  642.0 |
       Dungeon |   3110 |   2990 |    120 |    359 |   2261 |   4 |  777.5 |
       Ossuary |    100 |    100 |      0 |      0 |     40 |   1 |  100.0 |
               +--------+--------+--------+--------+--------+-----+--------+

Top non-repeatable levels by time:
     D:1: 1590 daAuts
     D:2: 998 daAuts
     D:3: 472 daAuts
 Ossuary: 100 daAuts
     D:4: 48 daAuts
